 Dungeon Crawl Stone Soup version 0.31-a0-1626-g5cb510d322 (webtiles) character file.

Game seed: 14089287013879346859

85 grail the Cudgeller (level 4, 0/42 HPs)
             Began as a Naga Berserker on Jan 11, 2024.
             Was a Believer of Trog.
             Slain by an iguana (9 damage)
             ... on level 5 of the Dungeon on Jan 12, 2024.
             The game lasted 00:13:35 (2280 turns).

grail the Cudgeller (Naga Berserker)                Turns: 2280, Time: 00:13:36

Health: 0/42       AC:  6    Str: 21    XL:     4   Next: 48%
Magic:  4/4        EV: 10    Int:  7    God:    Trog [**....]
Gold:   154        SH:  9    Dex: 11    Spells: 3/3 levels left

rFire   . . .        u - +2 dagger (holy)
rCold   . . .        n - +2 kite shield
rNeg    . . .        l - +0 chain mail
rPois   +            (no helmet)
rElec   .            (no cloak)
rCorr   .            (no gloves)
SInv    +            (no barding)
Will    ++...        (no amulet) Stlth
                     j - +5 ring of evasion
HPRegen 1.27/turn    (no ring)
MPRegen 0.09/turn

%: no passive effects
@: strong-willed, regenerating, very slow
A: AC +1, large, see invisible, deformed body, poison resistance, slowness 2,
spit poison 1, naga tail 1
a: Spit Poison, Renounce Religion, Berserk, Trog's Hand


You were on level 5 of the Dungeon.
You worshipped Trog.
Trog was pleased with you.
You visited 1 branch of the dungeon, and saw 5 of its levels.

You collected 154 gold pieces.

Inventory:

Hand Weapons
 a - a +0 mace
 d - a +0 club
 f - a +0 whip
 u - a +2 dagger of holy wrath (weapon)
Missiles
 c - 23 stones
 r - 6 javelins
 s - 7 boomerangs
 z - 3 large rocks
Armour
 b - a +0 animal skin
 i - a +0 robe
 l - a +0 chain mail (worn)
 n - a +2 kite shield (worn)
 t - a +0 scale mail
Jewellery
 j - a +5 ring of evasion (left hand)
Scrolls
 e - a scroll of immolation {unknown}
 g - 2 scrolls of identify {unknown}
 h - 2 scrolls of amnesia {unknown}
 k - a scroll of blinking {unknown}
 o - 2 scrolls of poison {unknown}
 q - a scroll of enchant weapon {unknown}
 w - a scroll of vulnerability {unknown}
 x - a scroll of fog {unknown}
 y - a scroll of noise {unknown}
Potions
 m - a potion of heal wounds {unknown}
 p - a potion of invisibility {unknown}
 v - a potion of curing {unknown}


   Skills:
 + Level 3.5 Fighting
 + Level 4.0 Maces & Flails
 + Level 1.9 Armour
 + Level 2.1 Dodging
 + Level 0.6 Stealth


You had 3 spell levels left.
You didn't know any spells.
Your spell library contained the following spells:

 Spells                   Type           Power      Damage    Failure   Level
 Sandblast                Erth           0%         2d4       100%        1
 Slow                     Hex            0%         N/A       100%        1
 Summon Small Mammal      Summ           0%         N/A       100%        1


Dungeon Overview and Level Annotations

Branches:
Dungeon (4/15)
 Temple: D:4-7

Altars:


Innate Abilities, Weirdness & Mutations

Your serpentine skin is tough. (AC +1)
You have supernaturally acute eyesight. (SInv)
Armour fits poorly on your strangely shaped body.
Your system is resistant to poisons. (rPois)
You cover ground very slowly.
You can spit poison.
You have a snake-like lower body.


Message History

The iguana is heavily wounded.
The iguana bites you.
You closely miss the iguana.
The iguana is heavily wounded.
You have got your breath back.
You block the iguana's attack.
You hit the iguana but do no damage.
The iguana is heavily wounded.
The iguana bites you!
You barely miss the iguana.
The iguana is heavily wounded.
The iguana bites you!
You barely miss the iguana.
The iguana is heavily wounded.
The iguana bites you. You block the iguana's attack.
You hit the iguana.
The iguana is heavily wounded.
The iguana bites you but does no damage.
Okay, then.
There are no items here.
Activating: Trog's Hand (4% risk of failure)
Press: ? - help, Q - select action, (/) - cycle Dir - look around, f - activate Your skin crawls.
You feel strong-willed. The iguana bites you!
* * * LOW HITPOINT WARNING * * *
You hit the iguana but do no damage.
The iguana is heavily wounded.
The iguana bites you but does no damage.
You hit the iguana.
The iguana is severely wounded.
You block the iguana's attack.
You barely miss the iguana.
The iguana is severely wounded.
The iguana bites you.
* * * LOW HITPOINT WARNING * * *
You hit the iguana but do no damage.
The iguana is severely wounded.
The iguana bites you!
You die...

#.##.# #.#
# #.##.#
#.# #.##.#
#.# #.##)#
#.# #....#
#.# #..###
#.# ##..#
#..
#...#######
#..@l......
#...#######
###...
#####


You could see an iguana.

Vanquished Creatures
  3 adders
  2 orcs
  3 ball pythons
  4 endoplasms
  7 giant cockroaches
  6 goblins
  6 hobgoblins
  2 jackals (D:3)
  2 quokkas (D:1)
  5 bats
  2 kobolds
  10 rats
52 creatures vanquished.

Notes
Turn   | Place    | Note
-------+----------+-------------------------------------------
     0 | D:1      | grail the Naga Berserker began the quest for the Orb.
     0 | D:1      | Reached XP level 1. HP: 21/21 MP: 1/1
    93 | D:1      | Reached XP level 2. HP: 28/28 MP: 2/2
   500 | D:1      | Reached XP level 3. HP: 26/34 MP: 3/3
  1363 | D:3      | Got A Beginning Course on Spellwork
  1395 | D:3      | Reached XP level 4. HP: 41/42 MP: 4/4
  1417 | D:3      | Upgraded the game from 0.31-a0-1620-gcbf77bbcfc to
                  | 0.31-a0-1626-g5cb510d322
  1580 | D:3      | Reached ** piety under Trog
  1622 | D:3      | Reached skill level 4 in Maces & Flails
  2217 | D:4      | You fall into a shaft and drop 1 floor!
  2217 | D:5      | Entered Level 5 of the Dungeon
  2280 | D:5      | Slain by an iguana

Illustrated notes

Levels and vault maps discovered:
D:1:      sevenhm_arrival_forest_fort_small_5, layout_rooms
D:2:      layout_loops_ring
D:3:      layout_loops_cross
D:4:      layout_basic, minmay_misc_feat_four_crosses, uniq_pikel, uniq_duvessa
D:5:      layout_loops_ring, grunt_ashenzari_visionary
          [grunt_ashenzari_visionary_swamp, grunt_ashenzari_visionary_spider],
          mainiacjoe_overflow_six_doors_small, uniq_blork_the_orc

Skill      XL: |  1  2  3  4 |
---------------+-------------+-----
Dodging        | 2 |  2.1
Maces & Flails | 4 |  4.0
Fighting       | |  3.5
Armour         | |  1.9
Stealth        | |  0.6

Action                     |  1- 3 |  4- 6 || total
---------------------------+-------+-------++-------
  Melee: Mace              |    84 |    31 ||   115
         Punch             |     1 |       ||     1
         Dagger            |       |    25 ||    25
 Invoke: Berserk           |     2 |       ||     2
         Trog's Hand       |       |     1 ||     1
Ability: Spit Poison       |       |     8 ||     8
 Armour: Animal skin       |    64 |       ||    64
         Chain mail        |    29 |    51 ||    80
  Dodge: Dodged            |    82 |    44 ||   126
  Block: Kite shield       |       |    14 ||    14

Table legend: (Time is in decaauts)
 A = Elapsed time spent in this place.
 B = Non-inter-level travel time spent in this place.
 C = Inter-level travel time spent in this place.
 D = Time resting spent in this place.
 E = Time spent auto-exploring this place.
 F = Levels seen in this place.
 G = Mean time per level.
                   A        B        C        D        E       F      G
               +--------+--------+--------+--------+--------+-----+--------+
         Total |   3152 |   3102 |     50 |      0 |      0 |   5 |  630.4 |
       Dungeon |   3152 |   3102 |     50 |      0 |      0 |   5 |  630.4 |
               +--------+--------+--------+--------+--------+-----+--------+

Top non-repeatable levels by time:
     D:3: 1010 daAuts
     D:1: 943 daAuts
     D:2: 942 daAuts
     D:4: 173 daAuts
     D:5: 82 daAuts
